 Dungeon Crawl Stone Soup version 0.30.0 (webtiles) character file.

Game seed: 3738795389894192971

1 dialectric the Sneak (level 1, 0/13 HPs)
             Began as a Gargoyle Wanderer on May 6, 2023.
             Slain by a frilled lizard (2 damage)
             ... on level 1 of the Dungeon.
             The game lasted 00:00:12 (37 turns).

dialectric the Sneak (Gargoyle Wanderer)              Turns: 37, Time: 00:00:12

Health: 0/13       AC:  5    Str: 13    XL:     1   Next: 20%
Magic:  3/3        EV: 11    Int: 14    God:
Gold:   0          SH:  0    Dex:  9    Spells: 3/4 levels left

rFire   . . .        a - +0 dagger
rCold   . . .        (no shield)
rNeg    + . .        f - +0 robe
rPois   ∞            d - +0 helmet
rElec   +            (no cloak)
rCorr   .            (no gloves)
SInv    .            (no boots)
Will    .....        (no amulet)
Stlth   +++          (no ring)
HPRegen 0.22/turn    (no ring)
MPRegen 0.08/turn

%: no passive effects
@: no status effects
A: sickness immunity, AC +2, negative energy resistance 1, electricity
resistance, torment resistance 1, petrification resistance
a: no special abilities


You were on level 1 of the Dungeon.
You visited 1 branch of the dungeon, and saw 1 of its levels.

Inventory:

Hand Weapons
 a - a +0 dagger (weapon)
Missiles
 b - an atropa-tipped dart (quivered)
 c - 2 datura-tipped darts
Armour
 d - a +0 helmet (worn)
 f - a +0 robe (worn)
Scrolls
 e - a scroll of fear
 g - a scroll of immolation {unknown}


   Skills:
 + Level 2.3 Fighting
 + Level 1.0 Dodging
 + Level 5.4 Stealth
 + Level 2.0 Spellcasting


You had 3 spell levels left.
You knew the following spells:

 Your Spells              Type           Power      Damage    Failure   Level
a - Apportation           Tloc           2%         N/A       24%         1

Your spell library contained the following spells:

 Spells                   Type           Power      Damage    Failure   Level
 Wereblood                Tmut           1%         N/A       34%         2
 Volatile Blastmotes      Fire/Tloc      2%         2d10      56%         3
 Summon Hydra             Summ           0%         N/A       100%        7
 Sublimation of Blood     Necr           Unusable   N/A       N/A         2

Dungeon Overview and Level Annotations

Branches:
Dungeon (1/15)

Altars:


Innate Abilities, Weirdness & Mutations

You are immune to sickness and miasma.
Your stone body is resilient. (AC +2)
You are immune to poison.
You resist negative energy. (rN+)
You are resistant to electric shocks. (rElec)
You are resistant to unholy torment.
You are immune to petrification.


Message History

Found a scroll labelled ZAILAE ZIGOVA.
A hobgoblin is nearby!
The hobgoblin shouts!
You hear an angry hiss.
The hobgoblin closely misses you.
A frilled lizard comes into view.
You hit the hobgoblin but do no damage.
The hobgoblin hits you but does no damage.
You hit the hobgoblin but do no damage. The hobgoblin hits you.
You closely miss the hobgoblin. The hobgoblin hits you.
You are too injured to fight recklessly!
You are too injured to fight recklessly!
You are too injured to fight recklessly!
You are too injured to fight recklessly!
You are too injured to fight recklessly!
You are too injured to fight recklessly!
You are too injured to fight recklessly!
You are too injured to fight recklessly!
You are too injured to fight recklessly!
You hit the hobgoblin but do no damage. The hobgoblin hits you.
You closely miss the hobgoblin. The hobgoblin barely misses you.
You barely miss the hobgoblin. You punch the hobgoblin.
The hobgoblin is almost dead.
The hobgoblin hits you.
* * * LOW HITPOINT WARNING * * *
You hit the hobgoblin.
You kill the hobgoblin!
Found a dagger.
The frilled lizard bites you but does no damage.
You see here a hobgoblin corpse.
The frilled lizard attacks as you move away!
The frilled lizard completely misses you.
You see here a scroll labelled ZAILAE ZIGOVA.
There are no items here.
The frilled lizard barely misses you.
You see here a scroll labelled ZAILAE ZIGOVA.
g - a scroll labelled ZAILAE ZIGOVA The frilled lizard bites you.
* * * LOW HITPOINT WARNING * * *
You closely miss the frilled lizard. The frilled lizard bites you.
You die...

######.#########....
# #............##.#
#####...........#
#........#..# .
##.†........##..
#.............
#.............
#.........##
#.....@l..#
#.........#
#........)#
#.........#
###########


You could see a frilled lizard.

Vanquished Creatures
  A hobgoblin (D:1)
1 creature vanquished.

Notes
Turn   | Place    | Note
-------+----------+-------------------------------------------
     0 | D:1      | dialectric the Gargoyle Wanderer began the quest for the
                  | Orb.
     0 | D:1      | dialectric set off with the following items: a +0 dagger,
                  | an atropa-tipped dart, 2 datura-tipped darts, a +0 helmet,
                  | a scroll of fear, a +0 robe; and the following spell
                  | memorised: Apportation; and the following spells available
                  | to memorise: Volatile Blastmotes.
     0 | D:1      | Reached XP level 1. HP: 12/12 MP: 3/3
    37 | D:1      | Slain by a frilled lizard

Illustrated notes

Levels and vault maps discovered:
D:1:      lordsloth_arrival_two_stooges, layout_basic

Action                     || total
---------------------------++-------
  Melee: Dagger            ||     8
         Punch             ||     1
 Armour: Robe              ||     2
  Dodge: Dodged            ||     4
